Map: Persephone LE

Players

eblazer

  • Race: Protoss Protoss
  • League: Diamond
  • Spawn Location: 7:00

LigerMaNN - Winner!

  • Race: Zerg Zerg
  • League: Diamond
  • Spawn Location: 11:00

VOD

Have the link to the VOD?

Description

Time

  • Played on: June 4, 2025, 4:53 p.m.
  • Length: 11:14
Show
View Real Time Build Order
Export as new Build Order

eblazer Protoss 

Build Orders: 1 Gate Expand, Phoenix Opening, Zealot Archon 

Get SALT Encoding   

  12  0:01  Probe  
  13  0:13  Probe  
  14  0:20  Pylon  
  14  0:25  Probe  
  15  0:34  Probe  
  15  0:41  Gateway  
  16  0:43  Probe  
  16  0:47  Assimilator  
  17  0:54  Probe  
  18  1:06  Probe  
  19  1:18  Probe  
  19  1:32  Nexus  
  19  1:35  Cybernetics Core  
  19  1:39  Probe  
  20  1:50  Pylon  
  20  1:52  Assimilator  
  20  1:55  Probe  
  20  1:59  Stalker  
  21  2:07  Probe  
  24  2:19  Probe  
  25  2:31  Probe  
  25  2:32  Stargate  
  26  2:40  Sentry  
  26  2:43  Probe  
  27  2:49  Probe  
  30  2:55  Probe  
  31  3:01  Probe  
  32  3:06  Warp Gate  
  32  3:07  Probe  
  32  3:12  Gateway, Stalker  
  31  3:21  Phoenix  
  33  3:30  Gateway  
  33  3:31  Probe  
  33  3:32  Probe  
  35  3:43  Probe  
  35  3:44  Probe  
  35  3:46  Twilight Council  
  37  3:49  Pylon  
  37  3:56  Probe x2  
  39  4:02  Adept  
  39  4:08  Probe x2  
  43  4:18  Adept  
  43  4:20  Probe x2  
  47  4:30  Templar Archives  
  47  4:31  Assimilator  
  47  4:32  Probe x2, Assimilator  
  49  4:39  Gateway  
  49  4:41  Gateway  
  49  4:44  Probe x2  
  51  4:49  Pylon  
  51  4:56  Psionic Storm, Probe x2  
  53  5:08  Probe x2  
  53  5:10  Stalker, Adept  
  59  5:20  Probe x2  
  61  5:32  Probe  
  62  5:45  Pylon x2  
  62  6:03  Probe x2  
  68  6:04  Gateway  
  68  6:06  Gateway  
  68  6:07  Gateway  
  68  6:08  Void Ray  
  68  6:09  Pylon  
  68  6:11  Pylon  
  68  6:15  Probe x2  
  70  6:27  Probe  
  70  6:31  Shield Battery, Nexus  
  71  6:32  Pylon  
  71  6:52  Probe x2  
  67  7:02  High Templar x5  
  75  7:20  Archon  
  75  7:21  Zealot x2  
  79  7:23  Charge  
  79  7:25  Oracle  
  82  7:37  High Templar  
  82  7:38  Zealot x2  
  88  7:45  Nexus  
  88  7:52  Zealot x3  
  88  7:55  Nexus  
  88  7:56  Pylon  
  94  8:01  Pylon  
  94  8:03  Pylon  
  94  8:06  Pylon  
  94  8:33  Zealot x5  
  94  8:34  Zealot x2  
  86  9:00  Zealot x6  
  86  9:01  High Templar  
  84  9:08  Gateway  
  84  9:10  Gateway x2  
  84  9:11  Gateway, Robotics Facility  
  84  9:14  Gateway, Pylon  
  82  9:41  Zealot x5  
  82  9:42  Void Ray, Zealot x2  
  82  9:44  Probe x2  
  98  9:46  Probe  
  98  9:47  Probe  
  100  9:56  Probe x2  
  100  9:59  Probe x2  
  104  10:04  Forge  
  104  10:05  Forge  
  104  10:08  Probe  
  105  10:21  Assimilator  
  105  10:25  Assimilator  
  99  10:28  High Templar x3  
  99  10:29  High Templar x6  
  90  10:55  Archon x2  
  71  10:59  Zealot  
  71  11:00  Zealot x2  
Show
View Real Time Build Order
Export as new Build Order

LigerMaNN Zerg - Winner!

Build Orders: Hatch First, Roach Hydra 

Get SALT Encoding   

  12  0:01  Drone  
  13  0:13  Overlord  
  13  0:17  Drone  
  14  0:31  Drone x2  
  16  0:47  Hatchery  
  15  0:51  Drone  
  15  0:55  Drone  
  17  0:59  Drone  
  18  1:09  Extractor  
  17  1:16  Spawning Pool  
  17  1:18  Drone  
  17  1:23  Drone  
  18  1:28  Drone  
  19  1:41  Overlord  
  19  2:02  Queen  
  19  2:03  Queen  
  19  2:04  Zergling x4  
  19  2:07  Zergling x2  
  26  2:17  Drone x2  
  26  2:20  Metabolic Boost  
  28  2:27  Drone x2  
  30  2:42  Drone x2  
  31  3:01  Drone  
  31  3:02  Drone x3  
  35  3:08  Hatchery  
  35  3:11  Queen  
  34  3:21  Drone x2  
  34  3:23  Overlord x2  
  36  3:31  Overlord x2  
  36  3:42  Drone  
  36  3:45  Zergling x10  
  42  3:59  Overlord x2  
  42  4:05  Lair  
  42  4:07  Zergling x8  
  46  4:21  Drone  
  46  4:22  Drone x5, Extractor  
  46  4:23  Extractor  
  50  4:28  Queen  
  50  4:29  Queen  
  54  4:42  Drone  
  54  4:43  Drone x3  
  58  4:51  Drone x5  
  63  4:58  Evolution Chamber  
  62  5:00  Roach Warren  
  62  5:02  Drone x3  
  62  5:13  Drone x7  
  69  5:15  Drone  
  70  5:31  Spore Crawler  
  70  5:32  Spore Crawler  
  70  5:34  Spore Crawler  
  67  5:45  Glial Reconstitution, Zerg Missile Weapons Level 1  
  67  5:47  Roach x7  
  81  5:50  Overlord  
  81  5:51  Overlord  
  81  6:05  Overlord x3  
  81  6:09  Roach  
  81  6:10  Roach x3  
  89  6:13  Overlord x3  
  89  6:15  Overlord  
  89  6:31  Roach x8  
  105  6:33  Zergling x6  
  103  6:58  Drone x11  
  111  7:10  Hydralisk Den  
  111  7:13  Drone x3, Extractor  
  111  7:14  Drone x2  
  111  7:15  Drone, Extractor  
  108  7:27  Hatchery  
  107  7:33  Drone x3  
  107  7:34  Extractor  
  107  7:35  Drone x12  
  121  7:44  Drone x3  
  122  7:49  Spore Crawler x2  
  122  7:54  Infestation Pit  
  121  8:02  Muscular Augments  
  121  8:03  Hydralisk  
  121  8:04  Hydralisk x5  
  121  8:05  Hydralisk  
  133  8:08  Hydralisk  
  133  8:11  Zergling x4  
  133  8:12  Zergling x2  
  140  8:22  Hydralisk x2  
  140  8:23  Hydralisk  
  122  9:05  Hive  
  122  9:06  Hydralisk x15, Grooved Spines  
  152  9:10  Overlord x4  
  152  9:16  Drone x2  
  145  9:23  Drone x4  
  147  9:30  Drone x2  
  149  9:53  Roach x9  
  149  9:55  Overlord  
  167  10:05  Roach x7  
  167  10:06  Roach  
  183  10:22  Viper  
  183  10:23  Viper x2  
Tags
 
Add a new tag
Caveats
  • Supply blocks, unpowered buildings, or Contaminate may cause inaccurate times.
  • Supply counts are checked every 10 seconds.